 Dungeon Crawl Stone Soup version 0.18.1-50-g88ac8fd (webtiles) character file.

7676 Amnesiac the Fetichist (level 11, -3/75 HPs)
             Began as a Merfolk Fighter on Mar 8, 2018.
             Was an Elder of the Shining One.
             Slain by an orc warrior
             ... wielding a +0 hand axe
             ... led by an orc warlord
              (13 damage)
             ... while paralysed by an orc sorcerer
             ... on level 2 of the Orcish Mines.
             The game lasted 00:30:07 (12710 turns).

Amnesiac the Fetichist (Merfolk Fighter)           Turns: 12710, Time: 00:30:08

Health: -3/75      AC:  8    Str: 20    XL:     11   Next: 19%
Magic:  22/22      EV:  2    Int:  8    God:    the Shining One [****..]
Gold:   1374       SH:  0    Dex: 13    Spells: 1 memorised, 9 levels left

rFire  + . .     SeeInvis .     b - +4 rod of inaccuracy (9/9)
rCold  . . .     Gourm    +     J - +2 steam dragon armour
rNeg   + + +     Faith    .     (no shield)
rPois  +         Spirit   .     (no helmet)
rElec  +         Dismiss  .     I - +0 cloak "Maptout" {rElec rPois}
rCorr  .         Reflect  .     (no gloves)
SustAt .         Harm     .     (no boots)
MR     .....                    C - amulet of the gourmand
Stlth  +.........               y - ring of protection from fire
                                h - ring of positive energy

@: paralysed, glowing, not resistant to hostile enchantments, very unstealthy
A: change form in water, swift swim
a: Divine Shield, Cleansing Flame, Renounce Religion


You were on level 2 of the Orcish Mines.
You worshipped the Shining One.
The Shining One was greatly pleased with you.
You were completely stuffed.

You visited 3 branches of the dungeon, and saw 12 of its levels.
You also visited: Ossuary and Bailey.

You collected 1374 gold pieces.

Inventory:

Hand Weapons
 a - the +6 quarterstaff of Terror {elec, rPois Str+5}
   (You took it off a gnoll on level 7 of the Dungeon)

   Occasionally, upon striking a foe, it will discharge some electrical energy
   and cause terrible harm.
   It affects your strength (+5).
   It protects you from poison.
 l - a +0 rapier
Missiles
 A - 2 throwing nets (quivered)
Armour
 s - a +0 large shield
 I - the +0 cloak "Maptout" (worn) {rElec rPois}
   (You found it in a bailey)

   It insulates you from electricity.
   It protects you from poison.
 J - a +2 steam dragon armour (worn)
 K - a +1 chain mail of magic resistance
Rods
 b - a +4 rod of inaccuracy (9/9) (in hand)
   (You acquired it on level 6 of the Dungeon)
Jewellery
 h - a ring of positive energy (left hand)
 p - an uncursed ring of flight
 y - a ring of protection from fire (right hand)
 C - an amulet of the gourmand (around neck)
 M - an uncursed ring of resist corrosion {unknown}
Wands
 j - a wand of flame (23/48)
 E - a wand of digging (11/24)
 G - a wand of digging (12/24)
Scrolls
 q - 7 scrolls of remove curse {!r}
 v - 2 scrolls of amnesia {!r}
 w - 6 scrolls of blinking {!r}
 D - 4 scrolls of teleportation {!r}
Potions
 d - 3 potions of brilliance {!q}
 e - a potion of mutation {!q}
 i - 3 potions of curing {!q}
 m - 2 potions of magic {!q}
 o - 3 potions of heal wounds {!q}
 r - a potion of cure mutation {!q}
 t - 3 potions of flight {!q}
 u - 2 potions of agility {!q}
 x - a potion of lignification {!q}
 z - a potion of berserk rage {!q}
 B - 4 potions of haste {!q}
 H - a potion of might {!q}
Books
 F - a book of the Earth

   Spells                             Type                      Level
   a - Leda's Liquefaction            Hexes/Earth                  4
   b - Bolt of Magma                  Conjuration/Fire/Earth       5
   c - Statue Form                    Transmutation/Earth          6
   d - Iron Shot                      Conjuration/Earth            6
   e - Shatter                        Earth                        9
Comestibles
 c - 3 meat rations
 f - 4 bread rations
 g - 33 fruits
 n - 2 beef jerkies


   Skills:
 - Level 3.2 Fighting
 - Level 7.6 Short Blades
 - Level 2.1 Armour
 - Level 3.0 Shields
 + Level 15.0 Evocations


You had 9 spell levels left.
You knew the following spells:

 Your Spells              Type           Power        Failure   Level  Hunger
a - Corona                Hex            #......      43%         1    ##.....


Dungeon Overview and Level Annotations

Branches:
Dungeon (9/15)             Temple (1/1) D:6             Orc (2/2) D:9
    Elf (0/3) Orc:2
   Lair: D:8-11

Altars:
Ashenzari
Cheibriados
Dithmenos
Elyvilon
Fedhas
Gozag
Kikubaaqudgha
Makhleb
Nemelex Xobeh
Okawaru
Pakellas
Qazlal
Ru
Sif Muna
Trog
Vehumet
Xom
Yredelemnul
Zin
The Shining One
Beogh

Shops:
D:5 [   D:9 ?   Orc:2 ((?

Annotations:
D:5 Dowan, Duvessa
Orc:2 Snorg


Message History

You see here a tomahawk.
The orc warrior throws a tomahawk.
The tomahawk hits you!
* * * LOW HITPOINT WARNING * * *
The orc warrior barely misses you.
The orc warrior throws a tomahawk.
The tomahawk hits you.
* * * LOW HITPOINT WARNING * * *
Snorg misses you. Snorg claws you!
* * * LOW HITPOINT WARNING * * *
Snorg claws you but does no damage.
You see here 2 tomahawks.
Really attack while wielding your +4 rod of inaccuracy (7/9)?
Okay, then.
Read which item? (? for menu, Esc to quit)
Really read
w - 7 scrolls of blinking {!r}?
Blink to where?
Press: ? - help, Dir - move target cursor You are very lightly contaminated with residual magic.
As you read the scroll of blinking {!r}, it crumbles to dust.
There is a stone staircase leading up here.
You climb upwards.
There is a stone staircase leading down here.
You start resting.
Your rod of inaccuracy has recharged.
You start resting.
Your magical contamination has completely faded away.
Eating one of 9 chunks of flesh.
This raw flesh tastes great.
You continue eating. x2
There is an escape hatch in the floor here.
You start resting.
Some of the chunks of flesh in your inventory have rotted away.
All of the chunks of flesh in your inventory have rotted away.
HP restored.
You start resting.
HP restored.
You slide downwards.
The hatch slams shut behind you.
Level annotation: Snorg A warg, 21 orcs and 2 ogres come into view.
The orc shouts!
The orc wizard shouts!
The orc warrior shouts!
The orc priest shouts!
The orc warrior shouts!
The orc shouts!
The orc warrior shouts!
The orc priest shouts!
The warg howls!
The orc warrior shouts! x2; The orc shouts! x4; The orc warrior shouts! x2
The ogre shouts!
You hear a shout! x6
The orc sorcerer closely misses you. The orc warrior closely misses you.
The orc warrior hits you with a battleaxe!
The ogre closely misses you. The orc warrior misses you.
The orc sorcerer casts a spell at you.
You suddenly lose the ability to move!
Found Ygiafiwk's Antique Weapon Shop.
Found a roughly hewn altar of Beogh.
An orc and 2 orc warriors come into view.
The orc warrior hits you from afar with a glaive.
The orc priest casts a cantrip, but nothing happens.
The orc priest looks braver for a moment.
The orc warrior barely misses you.
The orc sorcerer hits you but does no damage.
The orc warrior hits you but does no damage.
The orc warrior moves out of view.
The ogre hits you with a giant club!
The orc wizard gestures wildly while chanting.
The orc wizard seems to speed up.
The orc warrior hits you from afar with a glaive!!
* * * LOW HITPOINT WARNING * * *
The orc warrior hits you with a battleaxe!!
* * * LOW HITPOINT WARNING * * *
The orc warrior hits you with a hand axe!
You die... ## #.)..(...................# .# ##...##'o'##.............# ## #..###.....###..........## # #)## 8...8 ##.#........# # #.### #...### #.#......... # #)#...#o..#. #.#......... #### #.# ..'oOoo #.#......... .#.#####.# #oOo# #....>..#... .....##..# #o8@# #.#.#....##. ##.......# #ooo# #.##....#### .###.....# ..ooooo

#..##.### ## .####....#...#oho#o
#...#.#####. ..####...###
#.oo#####........... §§§####...#
8o.o8 #....#..##### §§≈≈#
#...##∩..o.. ##.......#...#
≈.≈≈###....###._.###........)).8#
§≈≈≈≈##......#####.........)#...#


You could see an orc warlord, a warg, an orc sorcerer, 10 orc warriors, 2 ogres,
2 orc priests, an orc wizard and 9 orcs.

Vanquished Creatures
  3 orc knights
  A troll (Orc:1)
  A wraith (Ossuary)
  A wyvern (D:8)
  A hippogriff (D:9)
  A hungry ghost (D:7)
  Menkaure (D:7)
  6 wargs
  11 orc warriors
  2 ice beasts
  A sky beast (D:8)
  2 phantoms
  2 centaurs (D:8)
  5 ogres
  A crocodile (D:8)
  A big kobold (D:9)
  5 giant frogs
  A gnoll sergeant (D:7)
  A scorpion (D:7)
  13 killer bees
  A howler monkey (D:9)
  3 crimson imps
  3 jellies
  5 hounds
  12 orc wizards
  2 centaur zombies
  9 orc priests
  2 centaur skeletons
  Terence (D:3)
  2 giant frog skeletons
  2 worker ants
  A killer bee zombie (D:7)
  A hound skeleton (D:7)
  The ghost of Amnesiac the Covered, a weakling DEFi (D:4)
  A mummy (Ossuary)
  A worker ant zombie (D:6)
  4 gnolls (D:7)
  10 adders
  A shadow imp (D:6)
  2 worms (D:4)
  3 dart slugs
  9 giant geckos
  59 orcs
  2 ball pythons (D:2)
  9 bats
  8 giant cockroaches
  9 goblins
  5 hobgoblins
  4 quokkas
  A giant gecko zombie (D:5)
  9 giant newts
  6 gnoll skeletons (Ossuary)
  A jackal skeleton (D:8)
  3 kobolds
  8 kobold skeletons (Ossuary)
  11 orc skeletons (Ossuary)
  7 rats
278 creatures vanquished.

Notes
Turn   | Place    | Note
--------------------------------------------------------------
     0 | D:1      | Amnesiac the Merfolk Fighter began the quest for the Orb.
     0 | D:1      | Reached XP level 1. HP: 18/18 MP: 1/1
    67 | D:3      | Noticed Terence
    73 | D:3      | Found a glowing silver altar of Zin.
   249 | D:2      | Found a bloodstained altar of Trog.
   433 | D:3      | Killed Terence
   433 | D:3      | Reached XP level 2. HP: 24/24 MP: 2/2
   433 | D:3      | Reached XP level 3. HP: 29/29 MP: 3/3
   524 | D:3      | Found an iron altar of Okawaru.
   619 | D:4      | Noticed a phantom
   661 | D:4      | Killed a phantom
   661 | D:4      | Reached XP level 4. HP: 15/35 MP: 4/4
   661 | D:4      | Reached XP level 5. HP: 18/41 MP: 5/5
  1261 | D:4      | Noticed Amnesiac's ghost (weakling DEFi)
  1273 | D:4      | Killed Amnesiac's ghost
  1924 | D:5      | Entered Level 5 of the Dungeon
  1989 | D:5      | Found a basalt altar of Yredelemnul.
  1989 | D:5      | Found a sacrificial altar of Ru.
  1990 | D:5      | Reached XP level 6. HP: 43/47 MP: 6/6
  2304 | D:5      | Noticed Duvessa
  2305 | D:5      | Noticed Dowan
  2332 | D:5      | Identified 2 scrolls of acquirement {!r}
  2333 | D:5      | Identified a manual of Invocations (You acquired it on level 5 of the Dungeon)
  2446 | D:5      | Found Suukk's Antique Armour Emporium.
  2617 | D:5      | Reached skill level 1 in Evocations
  2668 | D:6      | Reached skill level 2 in Evocations
  2886 | D:6      | Reached skill level 3 in Evocations
  2886 | D:6      | Reached XP level 7. HP: 38/52 MP: 7/9
  2889 | D:6      | Identified a +4 rod of inaccuracy (9/9) (You acquired it on level 6 of the Dungeon)
  2890 | D:6      | Reached skill level 4 in Evocations
  3003 | D:6      | Reached skill level 5 in Evocations
  3199 | D:6      | Found a staircase to the Ecumenical Temple.
  3208 | Temple   | Entered the Ecumenical Temple
  3241 | Temple   | Became a worshipper of the Shining One
  4693 | D:2      | Found an opulent altar of Gozag.
  5320 | D:6      | Reached skill level 6 in Evocations
  5333 | D:6      | Reached XP level 8. HP: 52/58 MP: 12/12
  5433 | D:6      | Found a stormy altar of Qazlal.
  5973 | D:7      | Noticed Menkaure
  5983 | D:7      | Found a blossoming altar of Fedhas.
  6002 | D:7      | Killed Menkaure
  6002 | D:7      | Reached skill level 7 in Evocations
  6118 | D:7      | Found a sand-covered staircase.
  6123 | Ossuary  | Entered an ossuary
  6123 | Ossuary  | Noticed a wraith
  6123 | Ossuary  | Reached * piety under the Shining One
  6123 | Ossuary  | Noticed a wraith
  6123 | Ossuary  | Noticed a wraith
  6255 | Ossuary  | Noticed a wraith
  6275 | Ossuary  | Killed a wraith
  6275 | Ossuary  | Reached ** piety under the Shining One
  6275 | Ossuary  | Reached skill level 8 in Evocations
  6407 | Ossuary  | Reached *** piety under the Shining One
  6528 | D:7      | Learned a level 1 spell: Corona
  6597 | D:7      | Reached skill level 9 in Evocations
  6671 | D:7      | Reached XP level 9. HP: 64/64 MP: 15/15
  6791 | D:7      | Got a twisted quarterstaff {elec}
  6823 | D:7      | Identified the +6 quarterstaff of Terror {elec, rPois Str+5} (You took it off a gnoll on level 7 of the Dungeon)
  7136 | D:7      | Reached skill level 10 in Evocations
  7385 | D:8      | Found a sparkling altar of Nemelex Xobeh.
  7421 | D:8      | Identified Sif Muna's Guide on Combat Magic and the Entourage
  7459 | D:8      | Found a flagged portal.
  7610 | Bailey   | Entered a bailey
  7909 | Bailey   | Noticed an orc knight
  7915 | Bailey   | Killed an orc knight
  7915 | Bailey   | Reached skill level 11 in Evocations
  8053 | Bailey   | Noticed an orc knight
  8225 | Bailey   | Killed an orc knight
  8225 | Bailey   | Reached skill level 12 in Evocations
  8225 | Bailey   | Reached XP level 10. HP: 63/70 MP: 17/19
  8514 | Bailey   | Got a bloodstained cloak
  8533 | Bailey   | Identified the +0 cloak "Maptout" {rElec rPois} (You found it in a bailey)
  9717 | D:8      | Reached skill level 13 in Evocations
  9945 | D:9      | Reached **** piety under the Shining One
 10272 | D:9      | Found a staircase to the Orcish Mines.
 10436 | D:9      | Found Kyurpheh's Magic Scroll Boutique.
 10692 | Orc:1    | Entered Level 1 of the Orcish Mines
 10841 | Orc:2    | Entered Level 2 of the Orcish Mines
 11165 | Orc:2    | Found a staircase to the Elven Halls.
 11176 | Orc:2    | Found a roughly hewn altar of Beogh.
 11190 | Orc:2    | Found Cocix's Weapon Shop.
 11403 | Orc:2    | Reached skill level 14 in Evocations
 11793 | Orc:2    | Reached XP level 11. HP: 61/75 MP: 21/21
 11886 | Orc:2    | Found a roughly hewn altar of Beogh.
 12341 | Orc:2    | Found Nifuekan's Magic Scroll Shop.
 12345 | Orc:2    | Noticed an orc knight
 12352 | Orc:2    | Killed an orc knight
 12370 | Orc:2    | Reached skill level 15 in Evocations
 12402 | Orc:2    | Noticed Snorg
 12708 | Orc:2    | Found Ygiafiwk's Antique Weapon Shop.
 12708 | Orc:2    | Found a roughly hewn altar of Beogh.
 12708 | Orc:2    | Noticed an orc sorcerer
 12708 | Orc:2    | Noticed an orc warlord
 12708 | Orc:2    | Paralysed by an orc sorcerer for 7 turns
 12710 | Orc:2    | Slain by an orc warrior

Skill      XL: |  1  2  3  4  5  6  7  8  9 10 11 |
---------------+----------------------------------+-----
Short Blades   | 4 6 7 |  7.6
Evocations     | 3 6 9 12 14 15 | 15.0
Fighting       | |  3.2
Armour         | |  2.1
Shields        | |  3.0

Action                   |  1- 3 |  4- 6 |  7- 9 | 10-12 || total
-------------------------+-------+-------+-------+-------++-------
Melee: Rapier            |    69 |   177 |   339 |    30 ||   615
       Quarterstaff      |       |       |    47 |   126 ||   173
Evoke: Rod               |       |       |    42 |    45 ||    87
  Use: Potion            |     1 |     2 |     1 |     6 ||    10
       Scroll            |       |     8 |    14 |     3 ||    25
  Eat: Chunk             |       |     6 |    35 |    15 ||    56
Armor: Scale mail        |     9 |       |       |       ||     9
       Chain mail        |    16 |    74 |   201 |     4 ||   295
       Ring mail         |       |     4 |       |       ||     4
       Skin              |       |       |     6 |       ||     6
       Steam dragon armo |       |       |       |    70 ||    70
Dodge: Dodged            |    11 |    11 |    51 |   111 ||   184
Block: Shield            |    29 |    23 |       |       ||    52
       Large shield      |       |    73 |   267 |    42 ||   382
